 Dungeon Crawl Stone Soup version 0.16.2-12-gd0ad4c3 (webtiles) character file.

7299 faibistes the Thaumaturge (level 10, -3/56 HPs)
             Began as a Deep Elf Wizard on Jan 1, 2019.
             Was a High Priest of Sif Muna.
             Slain by a yak (12 damage)
             ... on level 10 of the Dungeon.
             The game lasted 00:38:07 (13521 turns).

faibistes the Thaumaturge (Deep Elf Wizard)        Turns: 13521, Time: 00:38:08

Health: -3/56      AC:  7    Str:  4    XL:     10   Next: 90%
Magic:  0/32       EV: 16    Int: 27    God:    Sif Muna [*****.]
Gold:   240        SH:  0    Dex: 16    Spells: 6 memorised, 18 levels left

rFire  . . .     SeeInvis .     w - +1 dagger (drain)
rCold  + . .     Clarity  .     a - +0 robe
rNeg   . . .     SustAb   .     (no shield)
rPois  .         Gourm    .     b - +0 hat
rElec  .         Spirit   .     G - +1 cloak
rCorr  .         Warding  .     y - +1 pair of gloves {Dex+3}
rMut   .         Stasis   .     (no boots)
MR     +....                    (no amulet)
Stlth  +++.......               I - ring of protection from cold
                                B - ring of stealth

@: repel missiles, somewhat resistant to hostile enchantments, fairly stealthy
A: molten scales 1
a: Channel Energy, Forget Spell, Renounce Religion


You were on level 10 of the Dungeon.
You worshipped Sif Muna.
Sif Muna was extremely pleased with you.
You were not hungry.

You visited 2 branches of the dungeon, and saw 11 of its levels.
You also visited: Sewer.

You collected 540 gold pieces.
You spent 300 gold pieces at shops.

Inventory:

Hand weapons
 k - a cursed +0 dagger
 w - a +1 dagger of draining (weapon)
 W - a +3 spear of venom
Armour
 a - a +0 robe (worn)
 b - a +0 hat (worn)
 y - a +1 pair of gloves of dexterity (worn)
 D - a +0 cloak
 G - a +1 cloak (worn)
Jewellery
 f - an uncursed ring of teleportation
 s - an uncursed ring of sustain abilities
 B - a ring of stealth (left hand)
 I - a ring of protection from cold (right hand)
Magical devices
 E - a wand of hasting (8)
 J - a wand of magic darts (10)
Scrolls
 g - 2 scrolls of immolation
 h - 3 scrolls of fear
 l - 3 scrolls of magic mapping
 o - 4 scrolls of teleportation
 p - a scroll of enchant weapon
 r - a scroll of fog
 t - 2 scrolls of remove curse
 F - a scroll of recharging
Potions
 e - 3 potions of magic
 i - a potion of resistance
 n - 2 potions of curing
 q - a potion of flight
 u - a potion of brilliance
 x - 2 potions of restore abilities
 A - 2 potions of haste
 C - a potion of heal wounds
Books
 c - a book of Minor Magic

   Spells                             Type                      Level
   a - Magic Dart                     Conjuration                  1
   b - Blink                          Translocation                2
   c - Call Imp                       Summoning                    2
   d - Repel Missiles                 Charms/Air                   2
   e - Slow                           Hexes                        2
   f - Conjure Flame                  Conjuration/Fire             3
   g - Mephitic Cloud                 Conjuration/Poison/Air       3
Comestibles
 d - 8 bread rations
 j - 7 beef jerkies
 m - 2 meat rations
 v - 2 slices of pizza


   Skills:
 + Level 3.0 Fighting
 + Level 7.0 Dodging
 - Level 2.4 Stealth
 * Level 11.0 Spellcasting
 + Level 6.9 Conjurations
 + Level 4.7 Charms
 - Level 1.1 Summonings
 + Level 5.5 Translocations
 * Level 6.8 Fire Magic
 - Level 4.1 Air Magic
 - Level 3.3 Poison Magic
 * Level 5.0 Invocations
 + Level 2.3 Evocations


You had 18 spell levels left.
You knew the following spells:

 Your Spells              Type           Power        Failure   Level  Hunger
a - Magic Dart            Conj           ####         1%          1    None
b - Conjure Flame         Conj/Fire      ######..     1%          3    None
c - Call Imp              Summ           ###.....     4%          2    None
d - Blink                 Tloc           N/A          1%          2    None
e - Mephitic Cloud        Conj/Pois/Air  #####...     1%          3    None
f - Repel Missiles        Chrm/Air       #####.       1%          2    None


Dungeon Overview and Level Annotations

Branches:
Dungeon (10/15)            Temple (1/1) D:4
   Lair: D:8-11         Orc: D:9-12

Altars:
Ashenzari
Cheibriados
Dithmenos
Elyvilon
Fedhas
Gozag
Kikubaaqudgha
Makhleb
Nemelex Xobeh
Okawaru
Qazlal
Ru
Sif Muna
Trog
Vehumet
Yredelemnul
Zin
The Shining One

Shops:
D:8 =   D:9 :


Innate Abilities, Weirdness & Mutations

You are partially covered in molten scales (AC +1).


Message History

The magic dart hits the yak.
The yak is almost dead.
Evoking this partially-identified wand wasted a few charges.
Casting: Blink
Confirm with . or Enter, or press ? or * to list all spells.
Aiming: Magic Dart
Press: ? - help, Shift-Dir - straight line, f/p - yak
Aim: a yak (almost dead)
The magic dart hits the yak.
The yak is almost dead.
The yak barely misses you.
Evoke which item? (* to show all) (? for menu, Esc to quit)
Zapping:
J - a wand of magic darts {zapped: 8} (will waste charges)
Press: ? - help, Shift-Dir - straight line, f/p - yak
Aim: a yak (almost dead)
The magic dart hits the yak.
The yak is almost dead.
Evoking this partially-identified wand wasted a few charges.
The yak gores you!
You die...

#≈≈.≈≈≈)≈..†%(.#
#≈≈≈≈≈≈≈.....(.#
#.≈.≈≈≈).....(.#
#.≈..≈)≈(....†(#
#.≈..≈≈≈≈≈.....#
#.≈..≈.≈≈.(..§(#
#.≈.≈≈.≈≈..#####
...≈....≈≈≈Y#
...≈....≈.≈@#
#.≈.∩..≈≈≈##
.≈...≈≈≈..
≈..≈≈≈≈...
≈...≈≈≈..
≈..≈≈...
..≈..... ≈≈... .


You could see a yak.

Vanquished Creatures
  The ghost of faibistes the Thaumaturge, an experienced DEWz of Sif Muna (D:6)
  A centaur skeleton (D:10)
  11 yaks
  2 deep elf magi
  3 hippogriffs
  Edmund (D:5)
  A water moccasin (D:6)
  A black bear (D:7)
  2 phantoms
  An orc warrior (D:8)
  3 centaurs
  3 ice beasts
  3 sky beasts
  8 ogres
  A gnoll sergeant (D:8)
  7 giant frogs
  2 scorpions
  2 killer bees (D:10)
  An electric eel (D:10)
  3 wights (D:6)
  5 crimson imps
  3 jellies
  A quasit (D:8)
  2 goliath beetles (D:8)
  4 orc priests
  5 hounds
  3 iguanas
  5 orc wizards
  9 worker ants
  Ijyb (D:4)
  Jessica (D:3)
  3 hound skeletons
  A hound zombie (D:8)
  A mummy (D:4)
  4 worker ant zombies
  6 gnolls (D:8)
  A river rat (Sewer)
  6 adders
  3 giant mites (D:4)
  A shadow imp (D:6)
  2 worms (D:2)
  A worker ant simulacrum (D:10)
  An adder skeleton (D:9)
  10 giant geckos
  3 oozes
  30 orcs
  20 bats
  A bat skeleton (D:4)
  6 giant cockroaches
  12 goblins
  15 hobgoblins
  4 jackals (D:3)
  13 kobolds
  7 ball pythons
  A giant gecko skeleton (D:8)
  7 giant newts
  A kobold zombie (D:4)
  3 orc zombies (D:4)
  5 quokkas
  16 rats
280 creatures vanquished.

Vanquished Creatures (collateral kills)
  A water moccasin (D:10)
  2 adders (D:2)
  A giant cockroach (D:2)
4 creatures vanquished.

Vanquished Creatures (others)
  An ogre (D:7)
  2 shadow imps (D:10)
  A giant spore (D:10)
  A ballistomycete (D:10)
5 creatures vanquished.

Grand Total: 289 creatures vanquished

Notes
Turn   | Place    | Note
--------------------------------------------------------------
     0 | D:1      | faibistes, the Deep Elf Wizard, began the quest for the Orb.
     0 | D:1      | Reached XP level 1. HP: 10/10 MP: 6/6
   278 | D:1      | Reached XP level 2. HP: 15/15 MP: 7/10
   334 | D:1      | Learned a level 2 spell: Blink
   337 | D:1      | Learned a level 2 spell: Call Imp
   536 | D:2      | Reached skill level 5 in Spellcasting
   780 | D:2      | Found a shadowy altar of Dithmenos.
   861 | D:1      | Reached XP level 3. HP: 19/19 MP: 12/14
   866 | D:1      | Learned a level 3 spell: Conjure Flame
   870 | D:1      | Learned a level 3 spell: Mephitic Cloud
  1553 | D:4      | Found a glowing drain.
  1566 | D:4      | Reached XP level 4. HP: 24/24 MP: 6/17
  1570 | D:4      | Learned a level 2 spell: Repel Missiles
  1708 | Sewer    | Entered a sewer
  2245 | D:3      | Reached skill level 6 in Spellcasting
  2333 | D:4      | Reached XP level 5. HP: 23/28 MP: 5/20
  3109 | D:3      | Noticed Jessica
  3116 | D:3      | Killed Jessica
  3620 | D:4      | Found a staircase to the Ecumenical Temple.
  3626 | Temple   | Entered the Ecumenical Temple
  3675 | Temple   | Became a worshipper of Sif Muna the Loreminder
  3745 | D:5      | Entered Level 5 of the Dungeon
  3750 | D:5      | Reached XP level 6. HP: 32/32 MP: 16/22
  3878 | D:4      | Reached skill level 1 in Fire Magic
  3954 | D:4      | Noticed Ijyb
  3965 | D:4      | Killed Ijyb
  4177 | D:4      | Noticed a giant frog
  4185 | D:4      | Killed a giant frog
  4475 | D:4      | Reached skill level 7 in Spellcasting
  4475 | D:4      | Reached skill level 1 in Air Magic
  4929 | D:4      | Found a glowing golden altar of the Shining One.
  5082 | D:5      | Noticed Edmund
  5094 | D:5      | Killed Edmund
  5094 | D:5      | Acquired Sif Muna's first power
  5094 | D:5      | Reached skill level 1 in Poison Magic
  5094 | D:5      | Reached XP level 7. HP: 25/36 MP: 16/25
  5483 | D:5      | Found a shattered altar of Ashenzari.
  5484 | D:5      | Noticed a centaur
  5494 | D:5      | Killed a centaur
  5912 | D:5      | Noticed an ogre
  5923 | D:5      | Killed an ogre
  6001 | D:6      | Reached XP level 8. HP: 30/41 MP: 20/27
  6145 | D:5      | Noticed a centaur
  6153 | D:5      | Killed a centaur
  6153 | D:5      | Acquired Sif Muna's second power
  6153 | D:5      | Reached skill level 5 in Conjurations
  6410 | D:5      | Noticed a sky beast
  6422 | D:5      | Killed a sky beast
  6422 | D:5      | Reached skill level 8 in Spellcasting
  6689 | D:6      | Reached skill level 5 in Dodging
  7366 | D:6      | Found a stormy altar of Qazlal.
  7370 | D:6      | Found a burning altar of Makhleb.
  8150 | D:6      | Noticed faibistes' ghost (experienced DEWz)
  8233 | D:6      | Gained mutation: You are partially covered in molten scales (AC +1). [potion of beneficial mutation]
  8258 | D:6      | Killed faibistes' ghost
  8258 | D:6      | Reached skill level 9 in Spellcasting
  8258 | D:6      | Reached XP level 9. HP: 43/45 MP: 19/29
  8835 | D:7      | Reached skill level 1 in Invocations
  9118 | D:7      | Reached skill level 1 in Charms
  9419 | D:7      | Reached skill level 5 in Fire Magic
  9493 | D:7      | Reached skill level 1 in Fighting
 10378 | D:7      | Acquired Sif Muna's third power
 11109 | D:8      | Reached XP level 10. HP: 53/53 MP: 12/31
 11453 | D:8      | Found a white marble altar of Elyvilon.
 11571 | D:8      | Found Strakhae's Jewellery Shoppe.
 11582 | D:8      | Reached skill level 10 in Spellcasting
 11617 | D:8      | Bought an uncursed ring of protection from cold for 300 gold pieces
 12075 | D:8      | Reached skill level 5 in Translocations
 12572 | D:9      | Reached skill level 1 in Evocations
 12879 | D:9      | Found Qamixil's Book Shop.
 12884 | D:10     | Entered Level 10 of the Dungeon
 13456 | D:10     | Reached skill level 11 in Spellcasting
 13456 | D:10     | Reached skill level 5 in Invocations
 13481 | D:10     | HP: 2/55 [yak (12)]
 13521 | D:10     | Slain by a yak

Action                   |  1- 3 |  4- 6 |  7- 9 | 10-12 || total
-------------------------+-------+-------+-------+-------++-------
Melee: Dagger            |     3 |    20 |    62 |    40 ||   125
       Spear             |       |       |       |    36 ||    36
 Cast: Magic Dart        |    88 |   174 |   400 |   167 ||   829
       Call Imp          |     4 |       |       |     3 ||     7
       Blink             |     3 |     1 |     5 |     5 ||    14
       Mephitic Cloud    |       |     6 |    24 |    21 ||    51
       Repel Missiles    |       |     1 |     1 |     1 ||     3
       Conjure Flame     |       |    10 |    30 |    28 ||    68
Invok: Channel Energy    |       |       |       |    10 ||    10
Evoke: Wand              |       |       |       |     4 ||     4
  Use: Scroll            |     5 |       |     7 |    13 ||    25
       Potion            |       |       |     1 |     3 ||     4
 Stab: Sleeping          |       |     2 |     1 |       ||     3
       Confused          |       |     3 |     6 |     5 ||    14
  Eat: Chunk             |     2 |    10 |    19 |     7 ||    38
       Pizza             |       |       |       |     1 ||     1
